 Dungeon Crawl Stone Soup version 0.23.0 (webtiles) character file.

Game seed: 12904383458417111745

463 Hercules1031 the Shield-Bearer (level 7, -1/66 HPs)
             Began as a Gargoyle Fighter on Feb 10, 2019.
             Slain by a gnoll (2 damage)
             ... on level 4 of the Dungeon on Feb 12, 2019.
             The game lasted 00:08:39 (2541 turns).

Hercules1031 the Shield-Bearer (Gargoyle Fighter)   Turns: 2541, Time: 00:08:39

Health: -1/66      AC: 23    Str: 26    XL:     7   Next: 7%
Magic:  7/7        EV:  2    Int: 14    God:
Gold:   233        SH: 10    Dex: 14    Spells: 6/6 levels left

rFire    . . .     SeeInvis .   t - +0 mace
rCold    . . .     Gourm    .   c - +0 shield
rNeg     + + +     Faith    .   (armour currently unavailable)
rPois    ∞         Spirit   .   (helmet currently unavailable)
rElec    .         Reflect  .   (cloak currently unavailable)
rCorr    .         Harm     .   (gloves currently unavailable)
MR       .....     NoTele   +   (boots currently unavailable)
Stlth    ++........             (no amulet)
HPRegen  0.21/turn              k - +5 ring of evasion
MPRegen  0.10/turn              (no ring)

@: mighty, brilliant, agile, tree-form
A: negative energy resistance 1, petrification resistance, rot immunity, AC +4
a: no special abilities


You were on level 4 of the Dungeon.
You were not hungry.
You were a tree.
You visited 1 branch of the dungeon, and saw 4 of its levels.

You collected 233 gold pieces.

Inventory:

Hand Weapons
 a - a +0 flail
 r - a +3 scythe of venom
 t - a +0 mace (weapon)
 x - the +5 spear "Irulivae" {vamp, SInv}
   (You found it on level 4 of the Dungeon)

   It inflicts no extra harm, but heals its wielder when it wounds a living foe.
   It lets you see invisible.
Armour
 b - a +0 scale mail
 c - a +0 shield (worn)
 j - a +0 plate armour (melded)
Jewellery
 k - a +5 ring of evasion (left branch)
Scrolls
 h - a scroll of enchant weapon {unknown}
 l - a scroll of remove curse {unknown}
 m - 2 scrolls of magic mapping {unknown}
 n - 3 scrolls of teleportation {unknown}
 p - a scroll of fog {unknown}
 q - a scroll of fear {unknown}
 s - a scroll of immolation {unknown}
 u - 3 scrolls of identify
Potions
 g - a potion of cancellation
 v - a potion of agility
Comestibles
 f - 3 rations


   Skills:
 + Level 4.7 Fighting
 + Level 3.7 Maces & Flails
 + Level 4.7 Armour
 + Level 2.3 Dodging
 + Level 4.8 Shields


You had 6 spell levels left.
You didn't know any spells.
Your spell library was empty.

Dungeon Overview and Level Annotations

Branches:
Dungeon (4/15)
 Temple: D:4-7

Altars:


Innate Abilities, Weirdness & Mutations

You are resistant to torment.
((Your stone body is resilient. (AC +4)))
You are immune to poison.
You resist negative energy. (rN+)
((You are resistant to electric shocks. (rElec)))
((You can survive without breathing.))
You are immune to petrification.
You are immune to rotting.


Message History

Unknown command.
Unknown command.
Unknown command.
Unknown command.
You sock the gnoll!
You kill the gnoll!
The orc wizard casts a spell at you. The magic dart hits you!
* * * LOW HITPOINT WARNING * * *
The orc throws a stone.
The stone hits you but does no damage.
The gnoll hits you but does no damage. x2; You block the orc wizard's attack.
The orc priest hits you but does no damage.
The orc throws a stone.
You block the stone.
You thump the orc priest!
The orc priest is heavily wounded.
The orc wizard hits you but does no damage.
You hear some strange, mumbled words.
Something tries to affect you, but you resist.
You block the gnoll's attack. The gnoll hits you.
You die...

........ ... ........
.......## ....##..
###.......# ....##.##
#....?....##
...##...#####..........#
...# #..................
...###..#......>........
....##..###.............
...##...####..(o♣)......
##.#.....###...g)o......
##.............o..g.....
#........#..............
........###..##.........
#.#.....# ##.#..........
#.###.#... (............
.. #.#.#.####..........
.# ...#.. ......#....


You could see an orc priest, an orc wizard, 2 gnolls and an orc.

Vanquished Creatures
  Sigmund (D:2)
  A howler monkey (D:4)
  An orc priest (D:4)
  An orc wizard (D:4)
  A gnoll shaman (D:4)
  Terence (D:2)
  Natasha (twice) (D:2)
  A worker ant (D:4)
  2 adders
  A gnoll (D:4)
  An adder zombie (D:1)
  A dart slug (D:1)
  A leopard gecko (D:1)
  8 orcs
  3 bats
  A bat zombie (D:1)
  2 giant cockroaches
  4 goblins
  3 hobgoblins (D:1)
  3 jackals (D:4)
  A quokka (D:3)
  3 ball pythons
  A frilled lizard (D:4)
  4 kobolds
  7 rats
55 creatures vanquished.

Notes
Turn   | Place    | Note
-------+----------+-------------------------------------------
     0 | D:1      | Hercules1031 the Gargoyle Fighter began the quest for the
                  | Orb.
     0 | D:1      | Reached XP level 1. HP: 14/14 MP: 1/1
   116 | D:1      | Reached XP level 2. HP: 14/19 MP: 2/2
   846 | D:2      | Reached XP level 3. HP: 23/23 MP: 3/3
   931 | D:2      | Noticed Terence
   942 | D:2      | Killed Terence
   942 | D:2      | Reached skill level 1 in Dodging
   942 | D:2      | Reached XP level 4. HP: 28/29 MP: 4/4
  1215 | D:2      | Noticed Sigmund
  1247 | D:2      | Killed Sigmund
  1247 | D:2      | Reached XP level 5. HP: 17/33 MP: 5/5
  1307 | D:2      | Noticed Natasha
  1331 | D:2      | Killed Natasha
  1331 | D:2      | Reached XP level 6. HP: 15/39 MP: 6/6
  1771 | D:2      | Noticed Natasha
  1782 | D:2      | Killed Natasha
  2449 | D:4      | Got an encrusted spear
  2482 | D:4      | Identified the +5 spear "Irulivae" {vamp, SInv} (You found
                  | it on level 4 of the Dungeon)
  2532 | D:4      | Reached XP level 7. HP: 16/44 MP: 7/7
  2535 | D:4      | HP: 2/44 [orc priest/divine providence (11)]
  2540 | D:4      | HP: 1/66 [orc wizard/magic dart (9)]
  2541 | D:4      | Slain by a gnoll

Skill      XL: |  1  2  3  4  5  6 |
---------------+-------------------+-----
Dodging        | 1 2 |  2.3
Fighting       | 4 |  4.7
Maces & Flails | 3 |  3.7
Armour         | 4 |  4.7
Shields        | 4 |  4.8

Action                   |  1- 3 |  4- 6 |  7- 9 || total
-------------------------+-------+-------+-------++-------
Melee: Flail             |    84 |    79 |       ||   163
       Mace              |       |    89 |     2 ||    91
  Use: Scroll            |     3 |     1 |       ||     4
       Potion            |       |       |     7 ||     7
  Eat: Ration            |       |     2 |       ||     2
Armor: Scale mail        |    33 |       |       ||    33
       Plate armour      |    26 |   151 |     3 ||   180
       Skin              |       |       |     8 ||     8
Dodge: Dodged            |    34 |   127 |    12 ||   173
Block: Shield            |    49 |   157 |     8 ||   214
